 Dungeon Crawl Stone Soup version 0.23.2-40-g277498a (webtiles) character file.

Game seed: 16998789540930404661

30 CrazyJ the Firebug (level 3, -3/20 HPs)
             Began as a Gargoyle Fire Elementalist on Sept 10, 2019.
             Slain by an ogre
             ... wielding a cursed -3 giant club
              (19 damage)
             ... on level 2 of the Dungeon.
             The game lasted 00:09:47 (1917 turns).

CrazyJ the Firebug (Gargoyle Fire Elementalist)     Turns: 1917, Time: 00:09:47

Health: -3/20      AC:  6    Str: 11    XL:     3   Next: 18%
Magic:  1/6        EV: 11    Int: 16    God:
Gold:   65         SH:  0    Dex: 10    Spells: 3/6 levels left

rFire    + . .     SeeInvis .   i - +0 dagger (flame)
rCold    . . .     Gourm    .   (no shield)
rNeg     + . .     Faith    .   h - +0 leather armour
rPois    ∞         Spirit   .   (no helmet)
rElec    +         Reflect  .   (no cloak)
rCorr    .         Harm     .   (no gloves)
MR       .....                  (no boots)
Stlth    ++........             (no amulet)
HPRegen  0.06/turn              e - ring of protection from fire
MPRegen  0.10/turn              (no ring)

@: very slightly contaminated
A: negative energy resistance 1, electricity resistance, unbreathing,
petrification resistance, rot immunity, AC +3
a: no special abilities


You were on level 2 of the Dungeon.
You were hungry.

You visited 1 branch of the dungeon, and saw 2 of its levels.

You collected 65 gold pieces.

Inventory:

Hand Weapons
 i - a +0 dagger of flaming (weapon)
 l - a +0 vampiric dagger
 m - a +0 spear
 r - a +0 trident
Missiles
 g - 26 stones (quivered)
 n - 30 sling bullets
 o - 51 arrows
 p - 4 tomahawks
Armour
 a - a +0 robe
 h - a +0 leather armour (worn)
Jewellery
 e - a ring of protection from fire (left hand)
Scrolls
 b - a scroll of magic mapping {unknown}
 f - 3 scrolls of identify {unknown}
 j - 2 scrolls of teleportation {unknown}
 k - a scroll of enchant weapon {unknown}
 q - a scroll of immolation {unknown}
Comestibles
 c - 2 rations


   Skills:
 + Level 0.9 Fighting
 + Level 0.1 Polearms
 * Level 0.8 Armour
 - Level 1.7 Dodging
 - Level 2.1 Stealth
 + Level 2.1 Spellcasting
 + Level 1.6 Conjurations
 * Level 3.4 Fire Magic


You had 3 spell levels left.
You knew the following spells:

 Your Spells              Type           Power        Failure   Level  Hunger
a - Flame Tongue          Conj/Fire      #....        10%         1    #......
b - Throw Flame           Conj/Fire      #.....       14%         2    ###....

Your spell library contained the following spells:

 Spells                   Type           Power        Failure   Level  Hunger
 Conjure Flame            Conj/Fire      #.......     28%         3    ###....
 Inner Flame              Hex/Fire       #.......     38%         3    ###....
 Sticky Flame             Conj/Fire      #.......     67%         4    #####..
 Fireball                 Conj/Fire      #.........   95%         5    ######.


Dungeon Overview and Level Annotations

Branches:
Dungeon (2/15)

Altars:
Makhleb


Innate Abilities, Weirdness & Mutations

You are resistant to torment.
Your stone body is resilient. (AC +3)
You are immune to poison.
You resist negative energy. (rN+)
You are resistant to electric shocks. (rElec)
You can survive without breathing.
You are immune to petrification.
You are immune to rotting.


Message History

The ogre hits you with a cursed -3 giant club.
You barely miss the ogre.
The ogre is moderately wounded.
The ogre misses you.
You barely miss the ogre.
The ogre is moderately wounded.
You hit the ogre but do no damage.
The ogre is moderately wounded.
The ogre closely misses you.
You hit the ogre. You burn the ogre.
The ogre is heavily wounded.
The ogre closely misses you.
You barely miss the ogre.
The ogre is heavily wounded.
The ogre closely misses you.
You hit the ogre but do no damage.
The ogre is heavily wounded.
The ogre hits you with a cursed -3 giant club!!
Ouch! That really hurt!
You die...

#.###....# #........#
####### #........# ..
.... #........#
####..#######
#........# ..
...........#........#
## #...........O...#
#####..#########@...#
.....)............>.#
#######.#.####.#...##
#####.#.## #.#...#
#........# #...###
#........# #...#
#........# #...#
###........# #.##.
.##........# #.# ..


You could see an ogre.

Vanquished Creatures
  An adder (D:2)
  2 dart slugs (D:1)
  2 ball pythons (D:1)
  2 bats (D:1)
  2 giant cockroaches (D:2)
  A goblin (D:1)
  4 kobolds
  4 rats (D:1)
18 creatures vanquished.

Notes
Turn   | Place    | Note
-------+----------+-------------------------------------------
     0 | D:1      | CrazyJ the Gargoyle Fire Elementalist began the quest for
                  | the Orb.
     0 | D:1      | Reached XP level 1. HP: 10/10 MP: 3/3
   578 | D:1      | Reached XP level 2. HP: 1/16 MP: 1/5
   915 | D:1      | Learned a level 2 spell: Throw Flame
  1393 | D:2      | Found a burning altar of Makhleb.
  1595 | D:2      | Reached XP level 3. HP: 3/20 MP: 1/6
  1906 | D:2      | Noticed an ogre
  1917 | D:2      | Slain by an ogre

Action                   || total
-------------------------++-------
Melee: Unarmed           ||    22
       Dagger            ||    39
       Trident           ||    24
 Cast: Flame Tongue      ||    16
       Throw Flame       ||     3
  Use: Potion            ||     1
  Eat: Chunk             ||     3
Armor: Robe              ||    19
       Leather armour    ||    18
       Skin              ||     6
Dodge: Dodged            ||    71
